 Dungeon Crawl Stone Soup version 5.2-56-g927a965 (webtiles) character file.

687 wolfsongas the Fighter (level 8, -6/78 HPs)
             Began as a Pale Draconian Wanderer on Feb 25, 2018.
             Mangled by an orc warrior
             ... wielding a +0 glaive
              (20 damage)
             ... on level 6 of the Dungeon.
             The game lasted 00:09:36 (6171 turns).

wolfsongas the Fighter (Pale Draconian Wanderer)    Turns: 6171, Time: 00:09:37

Health: -6/78      AC: 12 (0%)Str: 21   XL:     8   Next: 94%
Magic:  0/11       EV: 14    Int: 18    God:
Gold:   369        SH:  0    Dex: 11    Spells: 7/7 levels left

rFire    . . .     SeeInvis .   a - +2 hand axe
rCold    . . .     Faith    .   (no shield)
rNeg     . . .     Spirit   +   (armour unavailable)
rPois    .         Reflect  .   (helmet restricted)
rElec    .                      x - +2 cloak
rCorr    .                      (no gloves)
MR       +....                  (no boots)
Stlth    +.........             h - amulet of guardian spirit
Regen    0.3/turn               o - +3 ring of protection
MPRegen  0.2/turn               r - ring of protection from magic

@: mighty, brilliant, very slightly contaminated, hasted, very quick
A: breathe steam, unfitting armour, cold-blooded, AC +6
a: Breathe Steam


You were on level 6 of the Dungeon.
You were not hungry.

You visited 1 branch of the dungeon, and saw 6 of its levels.
You also visited: Sewer.

You collected 369 gold pieces.

Inventory:

Hand Weapons
 a - a +2 hand axe (weapon)
Missiles
 d - 1205 stones (quivered)
 i - 216 bolts
 j - 81 poisoned darts
 l - 105 javelins
 s - 270 arrows
 w - 16 frenzy darts
Armour
 x - a +2 cloak (worn)
Jewellery
 e - an uncursed ring of resist corrosion
 h - an amulet of guardian spirit (around neck)
 o - a +3 ring of protection (left hand)
 r - a ring of protection from magic (right hand)
 t - an uncursed ring of protection from magic
 u - an uncursed ring of wizardry
Wands
 c - a wand of flame (10)
Scrolls
 b - 4 scrolls of teleportation
 g - a scroll of amnesia
 n - a scroll of magic mapping
 v - 2 scrolls of blinking
Potions
 f - a potion of curing
 k - 5 potions of flight
 m - 2 potions of haste
 q - 3 potions of augmentation
 z - a potion of magic


   Skills:
 + Level 9.3 Fighting
 + Level 6.1(6.2) Axes
 - Level 1.2(4.0) Maces & Staves
 + Level 5.0 Dodging
 + Level 5.2 Evocations


You had 7 spell levels left.
You didn't know any spells.

Dungeon Overview and Level Annotations

Branches:
Dungeon (6/15)

Altars:
Dithmenos
Elyvilon
Gozag
Hepliaklqana
Jiyva
Kikubaaqudgha
Nemelex Xobeh
Qazlal
Ru
Trog
Vehumet
Wu Jian
Yredelemnul
Zin


Innate Abilities, Weirdness & Mutations

You can breathe blasts of scalding, opaque steam.
Your pale cyan-grey scales are hard. (AC +6)
Your body does not fit into most forms of armour.
You are cold-blooded and may be slowed by cold attacks.


Message History

The centaur completely misses you. The orc warrior barely misses you.
You slash the centaur (8)!
You kill the centaur!
Your Dodging skill increases to level 5!
You slash the orc (7)!
You kill the orc!
The orc warrior hits you from afar with a +0 glaive (3).
* * * LOW HITPOINT WARNING * * *
You feel better.
You have got your breath back.
The orc warrior misses you.
Things that are here:
a +0 hand axe; a -2 war axe You hit the orc warrior (6).
You tail-slap the orc warrior, but do no damage.
The orc warrior is heavily wounded.
You hit the orc warrior (3). You tail-slap the orc warrior (5).
The orc warrior is almost dead.
The orc warrior hits you with a +0 glaive (20)!!
You die...

,,∩,,*,,,.#,,,*.........##.......
*,,,**,,,..._,,.........#........
*****,,*,,#).,*.........#>.......
,,,,,,**.*##.###........#........
***,****..#.(.#..................
,,,,,,,*..............####.......
******,,..#.......##.#* #.......
***#.......)###.# ##......
*####..o@)##.# ##..... ****
#..##....######...### ,,,*
#.o*#............#### ,,,*
*******#..*##..............# *,,*
*,,,,,,...**#..........###..
*,,***,****###.*#...........# ##)
*,,,,,,* *#.*#....>...)..# #.
,,,,,,** *..*#...........# ##
,****** *,**#...........# ###


You could see an orc warrior.

Vanquished Creatures
  Grinder (D:6)
  A water moccasin (D:6)
  An ice beast (D:5)
  3 ogres
  2 black bears (D:6)
  A blink frog skeleton (D:5)
  A centaur (D:6)
  A bullfrog (D:3)
  A big kobold (Sewer)
  A scorpion (D:4)
  A water moccasin skeleton (D:6)
  A vampire bat (D:3)
  Crazy Yiuf (D:5)
  A hound (D:6)
  An orc wizard (D:4)
  A centaur skeleton (D:5)
  Terence (D:2)
  3 worker ants
  2 iguanas (Sewer)
  A howler monkey zombie (D:2)
  14 adders
  3 shadow imps
  An ooze (Sewer)
  An adder skeleton (D:4)
  5 dart slugs
  3 fire bats (D:3)
  14 orcs
  8 quokkas
  2 spectral bats (D:3)
  2 ball pythons
  15 bats
  3 bat skeletons (D:3)
  A bat zombie (D:3)
  7 giant cockroaches
  9 goblins
  14 hobgoblins
  10 jackals
  A bat simulacrum (D:3)
  8 frilled lizards
  19 kobolds
  5 rats
171 creatures vanquished.

Notes
Turn   | Place    | Note
-------+----------+-------------------------------------------
     0 | D:1      | wolfsongas the Draconian Wanderer began the quest for the Orb.
     0 | D:1      | wolfsongas set off with: a +2 hand axe, a scroll of teleportation, a wand of flame (10)
     0 | D:1      | Reached XP level 1. HP: 23/23 MP: 2/2
   169 | D:1      | Reached XP level 2. HP: 23/30 MP: 3/3
   800 | D:1      | Reached skill level 6 in Fighting
   800 | D:1      | Reached XP level 3. HP: 30/37 MP: 4/4
  1247 | D:2      | Noticed Terence
  1260 | D:2      | Killed Terence
  1260 | D:2      | Reached skill level 1 in Dodging
  1260 | D:2      | Reached XP level 4. HP: 38/45 MP: 5/5
  1444 | D:2      | Found a sacrificial altar of Ru.
  1936 | D:2      | Found a glowing silver altar of Zin.
  1970 | D:2      | Found a hazy altar of Hepliaklqana.
  2163 | D:3      | Reached XP level 5. HP: 50/51 MP: 4/6
  2287 | D:3      | Reached skill level 7 in Fighting
  2317 | D:3      | Reached XP level 6. HP: 43/60 MP: 4/7
  2519 | D:3      | Found a shadowy altar of Dithmenos.
  3236 | D:4      | Found a sparkling altar of Nemelex Xobeh.
  3310 | D:4      | Found a white marble altar of Elyvilon.
  3316 | D:4      | Reached skill level 8 in Fighting
  3316 | D:4      | Your scales start taking on a pale cyan-grey colour.
  3316 | D:4      | Reached XP level 7. HP: 57/68 MP: 6/8
  3568 | D:4      | Found a viscous altar of Jiyva.
  3600 | D:4      | Found an opulent altar of Gozag.
  4031 | D:5      | Entered Level 5 of the Dungeon
  4039 | D:5      | Found an ornate altar of the Wu Jian Council.
  4039 | D:5      | Found a basalt altar of Yredelemnul.
  4054 | D:5      | Found a stormy altar of Qazlal.
  4843 | D:5      | Reached skill level 5 in Axes
  4843 | D:5      | Reached XP level 8. HP: 66/75 MP: 8/10
  5104 | D:5      | Found a runed door.
  5168 | D:5      | Noticed Crazy Yiuf
  5176 | D:5      | Killed Crazy Yiuf
  5441 | D:6      | Noticed Grinder
  5465 | D:6      | Found an ancient bone altar of Kikubaaqudgha.
  5465 | D:6      | Paralysed by Grinder for 3 turns
  5471 | D:6      | Killed Grinder
  5487 | D:6      | Reached skill level 9 in Fighting
  5513 | D:6      | Found a bloodstained altar of Trog.
  5674 | D:6      | Found a glowing drain.
  5681 | Sewer    | Entered a sewer
  5931 | Sewer    | Reached skill level 5 in Evocations
  6148 | D:6      | Found a radiant altar of Vehumet.
  6166 | D:6      | Reached skill level 5 in Dodging
  6171 | D:6      | Mangled by an orc warrior

Skill      XL: |  1  2  3  4  5  6  7  8 |
---------------+-------------------------+-----
Fighting       | 6 7 8 9 |  9.3
Dodging        | 1 2 3 5 |  5.0
Axes           | 3 4 5 6 |  6.1
Evocations     | 3 5 |  5.2
Maces & Staves | |  1.2

Action                   |  1- 3 |  4- 6 |  7- 9 || total
-------------------------+-------+-------+-------++-------
Melee: Hand axe          |    98 |   202 |   301 ||   601
       Tailslap          |     8 |    15 |    38 ||    61
 Abil: Breathe Steam     |       |       |     1 ||     1
  Use: Potion            |       |     1 |     8 ||     9
       Scroll            |       |       |     3 ||     3
 Stab: Sleeping          |       |     2 |     1 ||     3
Armor: Skin              |    28 |    86 |   107 ||   221
Dodge: Dodged            |    69 |   183 |   215 ||   467
